 Dungeon Crawl Stone Soup version 0.17.0-9-g801d43b (console) character file.

469 Kloppie the Ducker (level 7, 0/46 HPs)
             Began as a Merfolk Necromancer on Nov 10, 2015.
             Slain by a sky beast (2 damage)
             ... on level 6 of the Dungeon.
             The game lasted 00:14:59 (7015 turns).

Kloppie the Ducker (Merfolk Necromancer)            Turns: 7015, Time: 00:14:59

Health: 0/46       AC:  4    Str: 10    XL:     7   Next: 9%
Magic:  5/10       EV: 14    Int: 14    God:
Gold:   230        SH:  0    Dex: 15    Spells: 3 memorised, 3 levels left

rFire  . . .     SeeInvis .     a - +0 trident
rCold  . . .     Clarity  +     o - +0 leather armour {MR+}
rNeg   . . .     SustAt   .     (no shield)
rPois  .         Gourm    .     t - +0 helmet
rElec  .         Spirit   .     (no cloak)
rCorr  .         Warding  .     (no gloves)
rMut   .         Stasis   .     (no boots)
MR     +....                    n - amulet of clarity
Stlth  ++........               (no ring)
                                (no ring)

@: somewhat resistant to hostile enchantments, unstealthy
A: change form in water, swift swim
a: no special abilities


You were on level 6 of the Dungeon.
You were not hungry.

You visited 1 branch of the dungeon, and saw 6 of its levels.

You collected 230 gold pieces.

Inventory:

Hand Weapons
 a - a +0 trident (weapon)
 y - a +2 short sword of distortion
Armour
 o - a +0 leather armour of magic resistance (worn)
 r - a +0 robe
 t - a +0 helmet (worn)
Jewellery
 n - an amulet of clarity (around neck)
 q - an uncursed ring of fire
 u - an uncursed ring of ice
 F - an uncursed ring of positive energy {unknown}
Wands
 D - a wand of frost (35)
 H - a wand of lightning (10)
Scrolls
 g - a scroll of amnesia {unknown}
 j - 3 scrolls of remove curse {unknown}
 l - 2 scrolls of enchant weapon {unknown}
 w - 3 scrolls of immolation {unknown}
 z - a scroll of identify
 A - a scroll of fog {unknown}
 B - 2 scrolls of recharging {unknown}
 G - 3 scrolls of noise {unknown}
Potions
 e - a potion of resistance
 h - a potion of mutation
 i - 2 potions of might {unknown}
 k - a potion of brilliance {unknown}
 m - 2 potions of haste {unknown}
 p - a potion of agility {unknown}
 s - a potion of lignification {unknown}
 v - 5 potions of curing {unknown}
 E - a potion of cure mutation {unknown}
 I - a potion of berserk rage {unknown}
Books
 b - a book of Necromancy

   Spells                             Type                      Level
   a - Pain                           Necromancy                   1
   b - Animate Skeleton               Necromancy                   1
   c - Vampiric Draining              Necromancy                   3
   d - Regeneration                   Charms/Necromancy            3
   e - Animate Dead                   Necromancy                   4
   f - Control Undead                 Necromancy                   4
Comestibles
 c - 2 bread rations
 d - 4 beef jerkies
 x - 2 royal jellies
 C - 2 fruits


   Skills:
 + Level 4.3 Polearms
 + Level 5.7 Dodging
 - Level 2.1 Stealth
 - Level 2.0 Spellcasting
 * Level 5.4 Necromancy


You had 3 spell levels left.
You knew the following spells:

 Your Spells              Type           Power        Failure   Level  Hunger
a - Pain                  Necr           ###.         4%          1    ##.....
b - Vampiric Draining     Necr           ###.......   14%         3    ####...
c - Regeneration          Chrm/Necr      #.........   34%         3    ####...


Dungeon Overview and Level Annotations

Branches:
Dungeon (6/15)
 Temple: D:4-7

Altars:
Ashenzari
Dithmenos
Elyvilon
Gozag
Makhleb
Qazlal
Trog
Vehumet
Yredelemnul

Shops:
D:6 %

Annotations:
D:2 Natasha
D:4 Squibie's ghost, amateur DsGl
D:5 Squibie's ghost, amateur DsGl


Message History

Aim: a sky beast (severely wounded, chance to defeat MR: 75%)
The sky beast struggles to resist.
The hound pauses to sniff the ground.
The sky beast hits you.
* * * LOW HITPOINT WARNING * * *
The sky beast shocks you.
* * * LOW HITPOINT WARNING * * *
Casting: Pain
Confirm with . or Enter, or press ? or * to list all spells.
Aiming: Pain
Press: ? - help, Shift-Dir - straight line, f/p - sky beast
Aim: a sky beast (severely wounded, chance to defeat MR: 75%)
The sky beast struggles to resist.
The sky beast barely misses you.
Casting: Pain
Confirm with . or Enter, or press ? or * to list all spells.
Aiming: Pain
Press: ? - help, Shift-Dir - straight line, f/p - sky beast
Aim: a sky beast (severely wounded, chance to defeat MR: 75%)
The sky beast convulses in agony!
The sky beast hits you.
You die...

....#####..##....#... #.
...######...##...#.. #..
...#.........##..#h##...
.............. #####..
............. #...#.
...#.....#######._.#####
...............#≈..#....
.#.............#Y####
.####.........##@#..##
.# #........##..#...##
## ###.....##...#....##
##...##....#.....##
#..##.....#......##
#.##......#.......#
#.............#####
###############


You could see a sky beast and a hound.

Vanquished Creatures
  A phantom (D:4)
  A crimson imp (D:5)
  3 hounds
  An iguana (D:6)
  Natasha (twice) (D:2)
  A worker ant (D:4)
  2 hound skeletons
  A worker ant zombie (D:6)
  3 adders
  An ooze (D:1)
  3 worms
  A giant gecko (D:3)
  5 orcs
  3 giant cockroaches
  8 hobgoblins
  10 jackals
  14 bats
  9 giant newts
  5 goblins
  7 kobolds
  4 quokkas
  A quokka skeleton (D:5)
  2 rats
  A spectral orc (D:2)
89 creatures vanquished.

Vanquished Creatures (others)
  2 kobolds (D:2)
  A rat (D:2)
3 creatures vanquished.

Grand Total: 92 creatures vanquished

Notes
Turn   | Place    | Note
--------------------------------------------------------------
     0 | D:1      | Kloppie the Merfolk Necromancer began the quest for the Orb.
     0 | D:1      | Reached XP level 1. HP: 13/13 MP: 3/3
   217 | D:1      | Reached XP level 2. HP: 13/19 MP: 3/5
  1213 | D:1      | Reached XP level 3. HP: 24/24 MP: 6/6
  1442 | D:2      | Found a shadowy altar of Dithmenos.
  1487 | D:2      | Reached skill level 4 in Dodging
  1533 | D:2      | Learned a level 3 spell: Vampiric Draining
  1835 | D:2      | Noticed Natasha
  1847 | D:2      | Killed Natasha
  1847 | D:2      | Reached skill level 1 in Polearms
  1847 | D:2      | Reached XP level 4. HP: 2/30 MP: 1/7
  2132 | D:2      | Found a stormy altar of Qazlal.
  2206 | D:2      | Found a basalt altar of Yredelemnul.
  2289 | D:2      | Noticed Natasha
  2304 | D:2      | Killed Natasha
  2948 | D:2      | Learned a level 3 spell: Regeneration
  3305 | D:2      | Noticed Natasha
  3682 | D:3      | Reached XP level 5. HP: 35/35 MP: 8/8
  4381 | D:3      | Found a white marble altar of Elyvilon.
  4417 | D:4      | Noticed Squibie's ghost (amateur DsGl)
  4873 | D:4      | Reached skill level 5 in Dodging
  5031 | D:4      | Found a bloodstained altar of Trog.
  5273 | D:4      | Found a radiant altar of Vehumet.
  5273 | D:4      | Noticed a phantom
  5306 | D:4      | Killed a phantom
  5306 | D:4      | Reached skill level 5 in Necromancy
  5306 | D:4      | Reached XP level 6. HP: 5/41 MP: 9/9
  6166 | D:5      | Entered Level 5 of the Dungeon
  6295 | D:5      | Found a burning altar of Makhleb.
  6298 | D:5      | Found a stormy altar of Qazlal.
  6299 | D:5      | Found an opulent altar of Gozag.
  6523 | D:5      | Found a sand-covered staircase.
  6798 | D:6      | Found Uproiw's Food Emporium.
  6937 | D:6      | Reached XP level 7. HP: 41/46 MP: 10/10
  6980 | D:6      | Found a shattered altar of Ashenzari.
  7013 | D:6      | HP: 2/46 [sky beast (6)]
  7015 | D:6      | Slain by a sky beast

Action                   |  1- 3 |  4- 6 |  7- 9 || total
-------------------------+-------+-------+-------++-------
Melee: Short sword       |   106 |       |       ||   106
       Unarmed           |     1 |       |       ||     1
       Trident           |    10 |   375 |    24 ||   409
 Cast: Pain              |    15 |    25 |     7 ||    47
  Use: Scroll            |       |     4 |       ||     4
       Potion            |       |       |     2 ||     2
 Stab: Sleeping          |     4 |     6 |       ||    10
  Eat: Chunk             |     3 |    13 |       ||    16
       Fruit             |       |     1 |       ||     1
       Beef jerky        |       |     1 |       ||     1
       Bread ration      |       |       |     1 ||     1
